 Dungeon Crawl Stone Soup version 0.28-a0-1429-gf3d713df7a (webtiles) character file.

Game seed: 8417391855096267890

10145 browni3141 the Blocker (level 11, -1/75 HPs)
             Began as a Human Fighter on Jan 9, 2022.
             Was a High Priest of Okawaru.
             Slain by a yak (13 damage)
             ... on level 9 of the Dungeon.
             The game lasted 00:25:29 (14577 turns).

browni3141 the Blocker (Human Fighter)             Turns: 14577, Time: 00:25:30

Health: -1/75      AC: 15    Str: 21    XL:     11   Next: 87%
Magic:  14/14      EV:  9    Int:  8    God:    Okawaru [*****.]
Gold:   333        SH:  6    Dex: 13    Spells: 10/10 levels left

rFire   . . .      SeeInvis .   N - +4 scimitar
rCold   . . .      Faith    .   c - +0 buckler
rNeg    . . .      Spirit   .   p - +0 chain mail
rPois   +          Reflect  .   C - +0 helmet
rElec   .          Harm     .   (no cloak)
rCorr   .          Rampage  .   o - +0 pair of gloves
Will    .....                   (no boots)
Stlth   ..........              (no amulet)
HPRegen 0.22/turn               w - ring of poison resistance
MPRegen 0.14/turn               Q - +4 ring of slaying

@: no status effects
A: iridescent scales 1, sense surroundings 1, wild magic 1
a: Renounce Religion, Heroism, Finesse, Duel


You were on level 9 of the Dungeon.
You worshipped Okawaru.
Okawaru was extremely pleased with you.
You visited 2 branches of the dungeon, and saw 11 of its levels.
You also visited: Ossuary.

You collected 333 gold pieces.

Inventory:

Hand Weapons
 a - a +0 long sword
 d - a +0 giant club
 q - a +0 giant club
 r - the +3 hand axe of Sunlight {pain, Dex+4}
   (You found it on level 4 of the Dungeon)

   In the hands of one skilled in necromantic magic, it inflicts extra damage on
   living creatures.
   Dex:       It affects your dexterity (+4).
 y - a +0 giant spiked club
 D - a +0 giant club
 N - a +4 scimitar (weapon)
 P - a +0 giant club
 U - a +0 giant club
 V - a +0 giant club
 W - a +0 giant spiked club
 X - a +0 giant spiked club
Missiles
 g - 58 poisoned darts (quivered)
 j - 3 boomerangs
 O - 6 silver boomerangs
 S - 6 datura-tipped darts
Armour
 b - a +0 scale mail
 c - a +0 buckler (worn)
 o - a +0 pair of gloves (worn)
 p - a +0 chain mail (worn)
 C - a +0 helmet (worn)
Jewellery
 e - a ring of resist corrosion
 f - a ring of positive energy
 w - a ring of poison resistance (left hand)
 F - a +6 ring of strength
 Q - a +4 ring of slaying (right hand)
 T - a ring of see invisible
Wands
 s - a wand of digging (7)
 B - a wand of acid (2)
 R - a wand of mindburst (15)
 Y - a wand of iceblast (4)
 Z - a wand of flame (14)
Scrolls
 h - 2 scrolls of teleportation
 i - 2 scrolls of enchant weapon
 k - 3 scrolls of fear
 t - 2 scrolls of enchant armour
 u - 2 scrolls of immolation
 A - a scroll of noise
 G - a scroll of amnesia
 M - a scroll of torment {unknown}
Potions
 l - a potion of flight
 m - 3 potions of attraction
 n - a potion of magic
 v - 3 potions of resistance {unknown}
 x - a potion of haste {unknown}
 z - 2 potions of degeneration {unknown}
 E - 4 potions of lignification {unknown}
 H - a potion of curing
 I - a potion of mutation
 J - a potion of invisibility {unknown}
 K - a potion of cancellation {unknown}
 L - 2 potions of might


   Skills:
 - Level 3.0 Fighting
 * Level 6.9 Long Blades
 - Level 5.6 Axes
 - Level 6.0 Throwing
 - Level 7.0 Armour
 - Level 5.0 Dodging
 * Level 9.2 Shields
 - Level 3.7 Necromancy
 + Level 4.2 Invocations
 * Level 5.7 Evocations


You had 10 spell levels left.
You didn't know any spells.
Your spell library contained the following spells:

 Spells                   Type           Power      Damage    Failure   Level
 Blink                    Tloc           0%         N/A       100%        2
 Ozocubu's Armour         Ice            0%         N/A       100%        3
 Manifold Assault         Tloc           0%         N/A       100%        5
 Ozocubu's Refrigeration  Ice            0%         4d5       100%        7
 Storm Form               Tmut/Air       0%         N/A       100%        7


Dungeon Overview and Level Annotations

Branches:
Dungeon (10/15)            Temple (1/1) D:4         Ossuary (visited)
   Lair: D:8-11         Orc: D:9-12

Altars:
Ashenzari
Cheibriados
Dithmenos
Elyvilon
Fedhas
Gozag
Hepliaklqana
Kikubaaqudgha
Makhleb
Nemelex Xobeh
Okawaru
Qazlal
Sif Muna
Trog
Uskayaw
Vehumet
Wu Jian
Xom
Zin
The Shining One

Annotations:
D:5 3 runed translucent doors, ASSMAN's ghost, weakling DEDe; JamezByez's ghost, amateur MiBe; Maimakterion's ghost, novice FoFi; karrick's ghost, novice GrFi
D:9 exclusion: 4 orange crystal statues


Innate Abilities, Weirdness & Mutations

You are partially covered in iridescent scales. (AC +2)
You passively map a small area around you.
Your spells are a little harder to cast, but a little more powerful.


Message History

The yak misses you.
You slash the yak!
You kill the yak!
Okawaru accepts your kill.
You slash the yak!
The yak is heavily wounded.
You completely miss the yak.
The yak is moderately wounded.
The yak gores you! The yak gores you.
You are too injured to fight recklessly!
You are too injured to fight recklessly!
You are too injured to fight recklessly!
You are too injured to fight recklessly!
You barely miss the yak.
The yak is moderately wounded.
You hit the yak.
The yak is heavily wounded.
The yak closely misses you.
You slash the yak!
The yak is almost dead.
You block the yak's attack. The yak gores you but does no damage.
You slice the yak!!
You kill the yak!
Okawaru accepts your kill. The yak barely misses you.
You hit the yak.
The yak is lightly wounded.
You are too injured to fight recklessly!
You are too injured to fight recklessly!
You slice the yak!!
The yak is severely wounded.
The yak gores you!
* * * LOW HITPOINT WARNING * * *
You hit the yak but do no damage.
The yak is severely wounded.
The yak gores you!
* * * LOW HITPOINT WARNING * * *
You feel like a meek peon again. The yak gores you!
You die...

* , #....#.....#* , *
*..###+##.....#, , , * ,
.......'.....# , *
,.......#.....# , ,
#########.....#,
#.......#.....#,, * ,
#.......#.....#
####....#Y....#, , , , *
* #....#@.#### , , , ,
#.......#..###### ###
#.......'.......+ ,#.. ,
#.......#.......#, #.. ,
,#########...##+######.#
* * ,
#.......'...#..'... , ,
#.......#...#..#... , ,
#..#....#...##'#### ,
,....#....#...#......


You could see a yak.

Vanquished Creatures
  A boulder beetle (D:9)
  3 two-headed ogres
  Pikel (D:4)
  An unseen horror (D:7)
  Maggie (D:8)
  A kobold demonologist (D:7)
  2 trolls
  A meliai zombie (D:6)
  Sigmund (D:4)
  5 yaks (D:9)
  A steam dragon (D:7)
  2 vampire mosquitoes (D:10)
  4 water moccasins
  3 black bears
  An ice beast (D:7)
  A sky beast (D:5)
  2 necrophages (D:6)
  3 ogres
  5 centaurs
  An elf zombie (Ossuary)
  4 lemures (D:4)
  5 kobold brigands
  A bullfrog (D:7)
  2 scorpions
  A water moccasin zombie (D:6)
  A gnoll sergeant (D:8)
  14 wights
  10 killer bees
  A howler monkey (D:10)
  4 crimson imps (D:6)
  4 centaur zombies (Ossuary)
  9 orc priests
  2 bullfrog skeletons
  2 human zombies (Ossuary)
  A gnoll shaman (D:5)
  2 hounds
  A jelly (D:5)
  5 orc wizards
  A hound zombie (Ossuary)
  3 mummies (Ossuary)
  9 gnolls
  8 adders
  A shadow imp (D:7)
  An ufetubus (D:4)
  3 adder zombies (Ossuary)
  5 dart slugs
  18 orcs
  9 ball pythons
  3 bats
  3 endoplasms
  3 giant cockroaches
  2 goblins
  4 hobgoblins
  4 jackals (D:5)
  15 kobolds
  2 quokkas
  A frilled lizard (D:1)
  A goblin zombie (Ossuary)
  6 hobgoblin zombies (Ossuary)
  4 jackal zombies (Ossuary)
  2 kobold zombies (Ossuary)
  2 orc zombies (Ossuary)
  A quokka skeleton (D:4)
  4 quokka zombies (Ossuary)
  2 rats
  5 rat zombies (Ossuary)
231 creatures vanquished.

Vanquished Creatures (others)
  A gnoll (D:8)
  48 fungi (D:10)
  45 plants (D:10)
94 creatures vanquished.

Grand Total: 325 creatures vanquished

Notes
Turn   | Place    | Note
-------+----------+-------------------------------------------
     0 | D:1      | browni3141 the Human Fighter began the quest for the Orb.
     0 | D:1      | Reached XP level 1. HP: 18/18 MP: 1/1
   127 | D:1      | Reached XP level 2. HP: 24/24 MP: 2/2
   245 | D:1      | Found a faded altar of an unknown god.
   842 | D:2      | Reached XP level 3. HP: 11/29 MP: 3/3
  1512 | D:2      | Found a broken altar of Ashenzari.
  1585 | D:2      | Reached XP level 4. HP: 35/35 MP: 4/4
  1655 | D:2      | Reached skill level 1 in Throwing
  2196 | D:3      | Reached skill level 4 in Shields
  2354 | D:3      | Noticed an ogre
  2441 | D:3      | Killed an ogre
  2442 | D:3      | Reached XP level 5. HP: 30/41 MP: 5/5
  3123 | D:3      | Reached XP level 6. HP: 38/47 MP: 6/6
  3280 | D:4      | Noticed Sigmund
  3401 | D:4      | Identified the +3 hand axe of Sunlight {pain, Dex+4}
  3588 | D:4      | Gained mutation: Your spells are a little harder to cast,
                  | but a little more powerful. [potion of mutation]
  3588 | D:4      | Gained mutation: You are partially covered in iridescent
                  | scales. (AC +2) [potion of mutation]
  3588 | D:4      | Gained mutation: You passively map a small area around you.
                  | [potion of mutation]
  3595 | D:4      | Killed Sigmund
  3596 | D:4      | Reached skill level 1 in Axes
  3596 | D:4      | Reached XP level 7. HP: 20/52 MP: 7/7
  3943 | D:4      | Reached skill level 5 in Shields
  3943 | D:4      | Reached skill level 1 in Necromancy
  4127 | D:4      | Found a staircase to the Ecumenical Temple.
  4139 | Temple   | Entered the Ecumenical Temple
  4237 | Temple   | Became a worshipper of Warmaster Okawaru
  4373 | D:5      | Entered Level 5 of the Dungeon
  4373 | D:5      | Noticed Pikel
  4769 | D:4      | Paralysed by Pikel for 4 turns
  4781 | D:4      | Killed Pikel
  4781 | D:4      | Reached * piety under Okawaru
  4782 | D:4      | Reached XP level 8. HP: 23/58 MP: 8/8
  5763 | D:5      | Reached skill level 6 in Shields
  5986 | D:5      | Reached skill level 5 in Armour
  5986 | D:5      | Reached XP level 9. HP: 50/63 MP: 9/9
  6263 | D:5      | Found a runed translucent gate.
  6263 | D:5      | Found a runed translucent gate.
  6263 | D:5      | Noticed JamezByez's ghost (amateur MiBe)
  6263 | D:5      | Noticed Maimakterion's ghost (novice FoFi)
  6264 | D:5      | Found a runed translucent gate.
  6264 | D:5      | Noticed karrick's ghost (novice GrFi)
  6264 | D:5      | Noticed ASSMAN's ghost (weakling DEDe)
  6572 | D:6      | Reached skill level 5 in Throwing
  6678 | D:6      | Found an ancient bone altar of Kikubaaqudgha.
  6736 | D:6      | Reached ** piety under Okawaru
  7126 | D:6      | Found a shimmering altar of Xom.
  7400 | D:6      | Reached skill level 7 in Shields
  7610 | D:6      | Found a sparkling altar of Nemelex Xobeh.
  7799 | D:7      | Reached *** piety under Okawaru
  7808 | D:7      | Reached skill level 5 in Axes
  7825 | D:7      | Found a snail-covered altar of Cheibriados.
  7834 | D:7      | Found a hazy altar of Hepliaklqana.
  7845 | D:7      | Noticed a troll
  7883 | D:7      | Identified the +2 ring mail "Qorav" {+Inv rPois Str+4
                  | Dex-2}
  7933 | D:7      | Found a sand-covered staircase.
  7957 | Ossuary  | Entered an ossuary
  8073 | Ossuary  | Reached skill level 1 in Evocations
  8089 | Ossuary  | Received a gift from Okawaru
  8202 | Ossuary  | Reached XP level 10. HP: 62/70 MP: 10/10
  8326 | Ossuary  | Reached skill level 1 in Invocations
  8512 | D:7      | Reached skill level 1 in Dodging
  9035 | D:7      | Received a gift from Okawaru
  9157 | D:7      | HP: 3/70 [poisoned by a water moccasin]
  9772 | D:8      | Noticed Maggie
  9917 | D:8      | Noticed a kobold demonologist
  9924 | D:7      | Received a gift from Okawaru
  9948 | D:8      | Noticed a two-headed ogre
  9967 | D:7      | Killed a kobold demonologist
 10091 | D:7      | Killed a two-headed ogre
 10091 | D:7      | Reached **** piety under Okawaru
 10092 | D:7      | Reached skill level 5 in Long Blades
 10299 | D:7      | Reached skill level 8 in Shields
 10613 | D:8      | Reached XP level 11. HP: 61/72 MP: 13/13
 10761 | D:8      | Found a hide-covered altar of Uskayaw.
 11398 | D:8      | Killed Maggie
 12036 | D:8      | Found a shimmering blue altar of Sif Muna.
 12739 | D:9      | Found a runed translucent door.
 12761 | D:9      | Found the +10 tower shield of Ignorance {rN+ Int-4}
 12767 | D:9      | Found a runed translucent door.
 12820 | D:9      | Noticed an orange crystal statue
 12820 | D:9      | Noticed an orange crystal statue
 12820 | D:9      | Noticed an orange crystal statue
 12820 | D:9      | Noticed an orange crystal statue
 12839 | D:10     | Entered Level 10 of the Dungeon
 13134 | D:10     | Noticed a two-headed ogre
 13134 | D:10     | Noticed a two-headed ogre
 13143 | D:10     | Killed a two-headed ogre
 13147 | D:10     | Killed a two-headed ogre
 13148 | D:10     | Reached skill level 5 in Evocations
 13177 | D:10     | Reached ***** piety under Okawaru
 13624 | D:10     | Reached skill level 5 in Dodging
 13920 | D:9      | Noticed a boulder beetle
 13931 | D:9      | Killed a boulder beetle
 13932 | D:9      | Reached skill level 9 in Shields
 13932 | D:9      | Noticed a skeletal warrior
 14577 | D:9      | Slain by a yak

Illustrated notes

Levels and vault maps discovered:
D:1:      dpeg_arrival_long_road, layout_basic,
          shapermc_ecumenical_altar_mp_ritualfount
D:2:      layout_loops_ring, basic_altar, minmay_tromino_v2
D:3:      layout_basic
D:4:      layout_basic, minmay_temple_entry_proselytizer, uniq_sigmund
D:5:      layout_loops_corners, gammafunk_ghost_cemetery, uniq_pikel
D:6:      layout_cave_pools, led_xom_imps, mainiacjoe_overflow_alcove_1,
          mainiacjoe_overflow_surrounded_room, skrybe_limestone_x,
          grunt_ministairs_1
D:7:      layout_basic, mainiacjoe_overflow_cross_hatched, kennysheep_mini,
          nicolae_ossuary_entry_plus, chequers_arboretum
D:8:      layout_cave_pools, old_standard_altar, eat_drink_and_be_merry_uskayaw,
          uniq_maggie
D:9:      layout_grid_maze, minivault_20, chequers_guarded_unrand_ignorance
D:10:     layout_roguey, lemuel_tele_altar, nicolae_overflow_hidden_temple,
          due_lair_maze_entry_diamond, orc_david_3,
          nicolae_trove_entry_path_of_doom
Temple:   dshaligram_water_room_temple

Skill      XL: |  1  2  3  4  5  6  7  8  9 10 11 |
---------------+----------------------------------+-----
Long Blades    | 3 4 5 6 |  6.9
Throwing       | 2 3 4 5 6 |  6.0
Shields        | 4 5 6 7 8 9 |  9.2
Axes           | 1 3 5 |  5.6
Necromancy     | 1 2 3 |  3.7
Armour         | 4 5 6 7 |  7.0
Evocations     | 1 3 5 |  5.7
Invocations    | 2 4 |  4.2
Dodging        | 3 5 |  5.0
Fighting       | |  3.0

Action                   |  1- 3 |  4- 6 |  7- 9 | 10-12 || total
-------------------------+-------+-------+-------+-------++-------
Melee: Long sword        |    56 |    82 |       |       ||   138
       Hand axe          |       |    11 |   353 |   112 ||   476
       Unarmed           |       |       |    16 |       ||    16
       Scimitar          |       |       |       |   323 ||   323
Throw: Dart              |    10 |    24 |    35 |     9 ||    78
       Boomerang         |       |       |       |    35 ||    35
Invok: Heroism           |       |       |       |     9 ||     9
Evoke: Wand              |       |       |     6 |    11 ||    17
  Use: Potion            |       |     2 |       |     3 ||     5
       Scroll            |       |       |     3 |     7 ||    10
 Stab: Invisible         |       |       |     2 |       ||     2
Armor: Scale mail        |    28 |    13 |       |       ||    41
       Chain mail        |       |    42 |   283 |   364 ||   689
Dodge: Dodged            |    29 |    36 |   137 |   254 ||   456
Block: Buckler           |    26 |    26 |   126 |   211 ||   389

Table legend: (Time is in decaauts)
 A = Elapsed time spent in this place.
 B = Non-inter-level travel time spent in this place.
 C = Inter-level travel time spent in this place.
 D = Time resting spent in this place.
 E = Time spent auto-exploring this place.
 F = Levels seen in this place.
 G = Mean time per level.
                   A        B        C        D        E       F      G
               +--------+--------+--------+--------+--------+-----+--------+
         Total |  14717 |  14243 |    474 |   2443 |   9034 |  12 | 1226.4 |
       Dungeon |  14099 |  13661 |    438 |   2443 |   8691 |  10 | 1409.9 |
        Temple |    107 |     71 |     36 |      0 |     60 |   1 |  107.0 |
       Ossuary |    509 |    509 |      0 |      0 |    283 |   1 |  509.0 |
               +--------+--------+--------+--------+--------+-----+--------+

Top non-repeatable levels by time:
     D:7: 3276 daAuts
     D:4: 1707 daAuts
     D:6: 1510 daAuts
     D:9: 1375 daAuts
     D:5: 1306 daAuts
     D:3: 1302 daAuts
     D:2: 1115 daAuts
     D:8: 1009 daAuts
     D:1: 840 daAuts
    D:10: 656 daAuts
 Ossuary: 509 daAuts
  Temple: 107 daAuts
